 Dungeon Crawl Stone Soup version 0.30.0-10-gfe55d96785 (webtiles) character file.

Game seed: 9055205654487581535

72 qw the Chopper (level 4, -2/28 HPs)
             Began as a Gargoyle Cinder Acolyte on May 17, 2023.
             Was a High Priest of Ignis.
             Slain by Sigmund
             ... wielding a +0 scythe
              (8 damage)
             ... on level 3 of the Dungeon.
             The game lasted 00:01:30 (1835 turns).

qw the Chopper (Gargoyle Cinder Acolyte)            Turns: 1835, Time: 00:01:30

Health: -2/28      AC:  9    Str: 19    XL:     4   Next: 25%
Magic:  0/5        EV: 10    Int: 15    God:    Ignis [*****.]
Gold:   72         SH:  0    Dex:  5    Spells: 5/5 levels left

rFire   + . .        Y - -1 hand axe (flame)
rCold   . . .        (no shield)
rNeg    + . .        h - +0 ring mail
rPois   inf          d - +0 helmet
rElec   +            (no cloak)
rCorr   .            (no gloves)
SInv    .            (no boots)
Will    .....        g - amulet of guardian spirit Stlth
                     (no ring)
HPRegen 0.24/turn    (no ring)
MPRegen 0.09/turn

%: guardian spirit
@: no status effects
A: sickness immunity, AC +3, negative energy resistance 1, electricity
resistance, torment resistance 1, petrification resistance
a: Renounce Religion, Fiery Armour, Foxfire Swarm, Rising Flame


You were on level 3 of the Dungeon.
You worshipped Ignis.
Ignis was extremely pleased with you.
You visited 1 branch of the dungeon, and saw 3 of its levels.

You collected 72 gold pieces.


Innate Abilities, Weirdness & Mutations

You are immune to sickness and miasma.
Your stone body is resilient. (AC +3)
You are immune to poison.
You resist negative energy. (rN+)
You are resistant to electric shocks. (rElec)
You are resistant to unholy torment.
You are immune to petrification.


   Skills:
 - Level 3.2 Fighting
 + Level 4.3 Axes
 - Level 1.0 Armour
 - Level 1.0 Spellcasting
 - Level 3.0 Fire Magic


You had 5 spell levels left.
You didn't know any spells.
Your spell library contained the following spells:

 Spells                   Type           Power      Damage    Failure   Level
 Scorch                   Fire           18%        2d5       19%         2

Inventory:

Hand Weapons
 Y - a -1 hand axe of flaming (weapon)
Armour
 d - a +0 helmet (worn)
 h - a +0 ring mail (worn)
Jewellery
 g - an amulet of guardian spirit (around neck)
Scrolls
 a - a scroll of teleportation
Potions
 b - a potion of haste {unknown}
 e - a potion of might {unknown}
 f - a potion of lignification {unknown}

Dungeon Overview and Level Annotations

Branches:
Dungeon (3/15)

Altars:

Annotations:
D:3 Sigmund


Message History

Lua error: [string "/dgldir/rcfiles/crawl-bot-0.30/qwlua.rc"]:3701: Cannot currently process new keys (there is pending input)
There is a strange disturbance nearby!
A magic dart appears from out of thin air!
Deactivating autopickup; reactivate with Ctrl-A.
The magic dart hits you but does no damage.
Autopickup is now on.
Lua error: [string "/dgldir/rcfiles/crawl-bot-0.30/qwlua.rc"]:3701: Cannot currently process new keys (there is pending input)
There is a strange disturbance nearby!
Something hits you.
Deactivating autopickup; reactivate with Ctrl-A.
Autopickup is now on.
Lua error: [string "/dgldir/rcfiles/crawl-bot-0.30/qwlua.rc"]:3701: Cannot currently process new keys (there is pending input)
1823 ||| Stepping randomly (disturbance).
Things that are here:
a +0 dagger; a +0 dagger Deactivating autopickup; reactivate with Ctrl-A.
You barely miss something. Something hits you.
You hit something. You burn something. Something hits you!
You barely miss something. You closely miss something. Something hits you.
You miss something. Something hits you but does no damage.
You miss something. You hit something. You burn something. Something hits you.
You miss something. Something hits you but does no damage.
You miss something. Something hits you but does no damage.
You closely miss something. You hit something. You burn something.
You hear some strange, mumbled words.
A puff of flame appears from out of thin air!
The puff of flame hits you but does no damage.
You barely miss something. Something hits you!
You die...

...... #......
....... .......
###.......
#$........
#.{.......
+.@...#
#.....####
......#.......#
#####.#.......#
#.#.......#
#.........#
#####.....#
#.......###
#.....#
#(......#.#
#.....#


There were no monsters in sight!

Vanquished Creatures
  3 adders (D:2)
  2 worms (D:2)
  A dart slug (D:1)
  3 ball pythons
  An endoplasm (D:1)
  2 giant cockroaches (D:2)
  6 goblins
  3 hobgoblins (D:1)
  3 jackals (D:2)
  A bat (D:2)
  3 frilled lizards (D:2)
  5 kobolds
  4 rats
37 creatures vanquished.

Notes
Turn   | Place    | Note
-------+----------+-------------------------------------------
     0 | D:1      | qw the Gargoyle Cinder Acolyte began the quest for the Orb.
     0 | D:1      | Reached XP level 1. HP: 14/14 MP: 2/2
     0 | D:1      | 0 ||| qw: Version: 0.2-a-95-g4c1bab1
     0 | D:1      | 0 ||| qw: Game counter: 161
     0 | D:1      | 0 ||| qw: Always use a shield: true
     0 | D:1      | 0 ||| qw: God list: Okawaru
     0 | D:1      | 0 ||| qw: Allow faded altars: false
     0 | D:1      | 0 ||| qw: Do Orc after D:15 true
     0 | D:1      | 0 ||| qw: Do second Lair branch before Depths: true
     0 | D:1      | 0 ||| qw: Lair rune preference: random
     0 | D:1      | 0 ||| qw: Plans: Normal
     0 | D:1      | 0 ||| PLANNING D:1-11
   320 | D:1      | Reached skill level 3 in Axes
   397 | D:1      | You fall into a shaft and drop 1 floor!
   447 | D:2      | Reached XP level 2. HP: 19/19 MP: 3/3
   553 | D:2      | 553 ||| UPGRADING to +0 ring mail.
   570 | D:2      | 570 ||| DROPPING +0 robe.
   571 | D:2      | 571 ||| UPGRADING to amulet of guardian spirit.
   576 | D:2      | 576 ||| READING scroll labelled FALITHR XUHUA.
   577 | D:2      | 577 ||| READING scroll labelled GETZIM JEITURCH.
   578 | D:2      | 578 ||| READING scroll labelled BOTARALALA.
   583 | D:2      | 583 ||| READING scroll labelled TICIUDIOZO.
   584 | D:2      | 584 ||| READING scroll labelled VERGHI XYAJO.
   655 | D:1      | Reached XP level 3. HP: 23/23 MP: 4/4
   678 | D:1      | 678 ||| Stepping ~*~*~tactically~*~*~ (hiding).
   716 | D:1      | 716 ||| Stepping ~*~*~tactically~*~*~ (hiding).
   719 | D:1      | 719 ||| Stepping ~*~*~tactically~*~*~ (hiding).
  1067 | D:1      | 1067 ||| DROPPING scarf of invisibility.
  1068 | D:1      | 1068 ||| UPGRADING to +0 helmet.
  1110 | D:2      | Reached skill level 1 in Armour
  1261 | D:2      | 1261 ||| INVOKING Fiery Armour.
  1264 | D:2      | Reached skill level 4 in Axes
  1526 | D:2      | 1526 ||| Stepping ~*~*~tactically~*~*~ (stealth).
  1532 | D:2      | Reached XP level 4. HP: 27/28 MP: 5/5
  1644 | D:2      | 1644 ||| READING scroll labelled SIYRUT IKAR.
  1645 | D:2      | 1645 ||| DRINKING 2 blue potions.
  1653 | D:2      | 1653 ||| DROPPING potion of ambrosia.
  1804 | D:3      | Noticed Sigmund
  1810 | D:3      | 1810 ||| PLANNING D:1-11
  1823 | D:3      | 1823 ||| Stepping randomly (disturbance).
  1830 | D:3      | HP: 4/28 [something (5)]
  1835 | D:3      | Slain by Sigmund

Levels and vault maps discovered:
D:1:      tarquinn_simple_flora_water_a, layout_basic, serial_corexii_hall,
          chequers_hall_statues_y, corexii_hall_statues_l
D:2:      layout_basic, kennysheep_generic_room_7
D:3:      minmay_angry_zag, layout_basic, nemelex_xobeh_ov_fountains_minmay,
          ebering_ecumenical_altar_abandoned, uniq_grinder, uniq_sigmund

Skill      XL: |  1  2  3 |
---------------+----------+-----
Axes           | 3 4 |  4.3
Armour         | 1 |  1.0
Fighting       | |  3.2
Spellcasting   | |  1.0
Fire Magic     | |  3.0

Action                     |  1- 3 |  4- 6 || total
---------------------------+-------+-------++-------
  Melee: Hand axe          |   135 |    31 ||   166
         Punch             |     3 |       ||     3
 Invoke: Fiery Armour      |     1 |       ||     1
    Use: Scroll            |     5 |     1 ||     6
         Potion            |       |     1 ||     1
 Armour: Robe              |    11 |       ||    11
         Ring mail         |    35 |    16 ||    51
  Dodge: Dodged            |    66 |     7 ||    73

Table legend:
 A = Non-vault XP
 B = Vault XP
 C = Vault XP percentage of total XP
 D = Non-vault monster count
 E = Vault monster count
 F = Vault count percentage of total count
                 A         B        C        D         E       F
            +---------+---------+-------+---------+---------+-------
      Total |      99 |       4 |   3.9 |      34 |       3 |   8.1
            +---------+---------+-------+---------+---------+-------
        D:1 |      22 |       0 |   0.0 |      11 |       0 |   0.0
        D:2 |      73 |       4 |   5.2 |      21 |       3 |  12.5
        D:3 |       4 |       0 |   0.0 |       2 |       0 |   0.0
            +---------+---------+-------+---------+---------+-------
